 Dungeon Crawl Stone Soup version 0.31.0-9-g3a7656b989 (webtiles) character file.

Game seed: 17910810550304234131

77 SnakkuSnakku7 the Shooter (level 4, 0/35 HPs)
             Began as a Djinni Hunter on Jan 25, 2024.
             Was a Follower of Trog.
             Slain by a hobgoblin (2 damage)
             ... led by Robin
             ... on level 2 of the Dungeon.
             The game lasted 00:01:39 (1129 turns).

SnakkuSnakku7 the Shooter (Djinni Hunter)           Turns: 1129, Time: 00:01:39

Health: 0/35       AC:  3    Str: 12    XL:     4   Next: 60%
Gold:   53         EV: 12    Int: 11    God:    Trog [*.....] SH:  0 Dex: 16

rFire   + + .        a - +0 shortbow
rCold   x . .        (shield currently unavailable)
rNeg    . . .        c - +0 leather armour
rPois   ∞            (no helmet)
rElec   .            (no cloak)
rCorr   .            (no gloves)
SInv    .            (boots unavailable)
Will    .....        (no amulet)
Stlth   +            (no ring)
HPRegen 0.25/turn    (no ring)
MPRegen 0.00/turn

%: infuse magic (-1 HP)
@: flying
A: sickness immunity, fire resistance 2, cold vulnerability 1, float, innate
caster, HP casting, extra vitality 1
a: Renounce Religion, Berserk


You were on level 2 of the Dungeon.
You worshipped Trog.
Trog was aware of your devotion.
You visited 1 branch of the dungeon, and saw 2 of its levels.

You collected 53 gold pieces.

Inventory:

Hand Weapons
 a - a +0 shortbow (weapon)
Armour
 c - a +0 leather armour (worn)
Scrolls
 b - a scroll of butterflies
 d - a scroll of revelation {unknown}
 f - 2 scrolls of fear {unknown}
 h - a scroll of teleportation {unknown}
 j - 4 scrolls of identify {unknown}
Potions
 e - a potion of mutation {unknown}
 g - a potion of might {unknown}
 i - a potion of ambrosia {unknown}


   Skills:
 + Level 3.4 Fighting
 - Level 4.0 Ranged Weapons
 - Level 2.1 Dodging
 - Level 0.7 Stealth


You knew the following spells:

 Your Spells              Type           Power      Damage    Failure   Level
a - Summon Small Mammal   Summ           0%         N/A       41%         1
Your spell library was empty.

Dungeon Overview and Level Annotations

Branches:
Dungeon (2/15)

Altars:
Trog

Shops:
D:1 *

Annotations:
D:2 Robin


Innate Abilities, Weirdness & Mutations

You are immune to sickness and miasma.
You are immune to poison.
Your flesh is very heat resistant. (rF++)
You are vulnerable to cold. (rC-)
You float through the air rather than walking.
You learn spells naturally, not from books.
Your magical power is your life essence.
You have superior vitality. (+4 MHP)


Message History

The hobgoblin hits you.
You shoot an arrow.
The arrow hits the hobgoblin but does no damage.
The hobgoblin closely misses you. Robin throws the goblin at you!
The goblin hits you with a +0 dagger. The hobgoblin hits you.
Unknown command.
You shoot an arrow. The arrow misses the goblin.
The goblin hits you with a +0 dagger. The hobgoblin completely misses you.
The goblin hits you with a +0 dagger.
You shoot an arrow. The arrow completely misses the goblin.
A goblin comes into view. It is wielding a +0 club.
The hobgoblin closely misses you. The goblin hits you but does no damage.
Unknown command.
You shoot an arrow. The arrow hits the goblin!
You kill the goblin!
Trog accepts your kill. The hobgoblin hits you. Robin throws the goblin at you!
Unknown command.
You shoot an arrow. The arrow closely misses the goblin.
The goblin hits you with a +0 dagger.
A goblin comes into view. It is wielding a +0 club.
The hobgoblin hits you.
Unknown command.
You are too injured to fight recklessly!
Unknown command.
You are too injured to fight recklessly!
Unknown command.
You are too injured to fight recklessly!
Unknown command.
You shoot an arrow. The arrow barely misses the goblin.
The goblin hits you with a +0 dagger.
* * * LOW HITPOINT WARNING * * *
The hobgoblin hits you.
* * * LOW HITPOINT WARNING * * *
A hobgoblin comes into view.
The goblin misses you. The hobgoblin hits you.
* * * LOW HITPOINT WARNING * * *
You shoot an arrow. The arrow closely misses the goblin.
The goblin hits you but does no damage. The hobgoblin hits you.
You die...

.####.###...<..##
'####...........#
......#########.# ......#
#.# ......# #.#
......#########.##
......+..........#
......# ######.#g#
......########.#@#
########.....#.#g# ...#
#.#.....#g# ...#
#.#.#.###g# ...#
#.#>#...#g# # ...##
#.#.#.###.##.##### ....#
#.#.#....g....$...
....####.#.#..#..........
.........#.#.......)g....


You could see Robin, 2 hobgoblins and 3 goblins.

Vanquished Creatures
  An iguana (D:2)
  An adder (D:2)
  A ribbon worm (D:2)
  A dart slug (D:1)
  2 ball pythons
  3 bats
  3 endoplasms
  2 giant cockroaches (D:1)
  10 goblins
  A hobgoblin (D:2)
  A quokka (D:1)
  3 frilled lizards (D:1)
  4 kobolds
  6 rats
39 creatures vanquished.

Notes
Turn   | Place    | Note
-------+----------+-------------------------------------------
     0 | D:1      | SnakkuSnakku7 the Djinni Hunter began the quest for the
                  | Orb.
     0 | D:1      | Reached XP level 1. HP: 18/18 MP: 0/0
   125 | D:1      | Reached XP level 2. HP: 23/23 MP: 0/0
   369 | D:1      | Found Qeiheodd's Assorted Antiques.
   392 | D:1      | Found a faded altar of an unknown god.
   402 | D:1      | Prayed at the altar of an unknown god.
   402 | D:1      | Became a worshipper of Trog the Wrathful
   402 | D:1      | Reached * piety under Trog
   469 | D:1      | Reached XP level 3. HP: 21/28 MP: 0/0
   469 | D:1      | Learned a level 1 spell: Summon Small Mammal
   474 | D:1      | Reached skill level 4 in Ranged Weapons
   875 | D:2      | Reached XP level 4. HP: 16/35 MP: 0/0
  1110 | D:2      | Noticed Robin
  1129 | D:2      | Slain by a hobgoblin

Illustrated notes

Levels and vault maps discovered:
D:1:      doesnt_arrival_eight_statues, layout_loops_corners, serial_shops,
          nicolae_shop_behind_doors, hellmonk_ecumenical_altar_lost_god
D:2:      layout_basic, basic_altar, uniq_robin

Skill      XL: |  1  2  3 |
---------------+----------+-----
Ranged Weapons | 4 |  4.0
Fighting       | 3 |  3.4
Dodging        | |  2.1
Stealth        | |  0.7

Action                     |  1- 3 |  4- 6 || total
---------------------------+-------+-------++-------
   Fire: Shortbow          |    78 |    29 ||   107
 Armour: Leather armour    |    17 |    17 ||    34
  Dodge: Dodged            |    18 |     8 ||    26
